 Dungeon Crawl Stone Soup version 0.17-b1-36-g7b1967c (webtiles) character file.

924 trice1212 the Cleaver (level 8, -7/66 HPs)
             Began as a Hill Orc Fighter on Nov 6, 2015.
             Was a Follower of Sif Muna.
             Mangled by an ogre
             ... wielding a +0 giant spiked club
              (24 damage)
             ... on level 5 of the Dungeon.
             The game lasted 00:36:27 (5506 turns).

trice1212 the Cleaver (Hill Orc Fighter)            Turns: 5506, Time: 00:36:27

Health: -7/66      AC:  6    Str: 19    XL:     8   Next: 10%
Magic:  0/8        EV:  7    Int:  8    God:    Sif Muna [*.....]
Gold:   203        SH:  9    Dex: 12    Spells: 0 memorised, 7 levels left

rFire  . . .     SeeInvis +     a - +0 war axe
rCold  . . .     Clarity  .     b - +0 scale mail
rNeg   . . .     SustAt   .     c - +0 shield
rPois  +         Gourm    .     (no helmet)
rElec  .         Spirit   +     (no cloak)
rCorr  .         Warding  .     (no gloves)
rMut   .         Stasis   .     (no boots)
MR     .....                    f - amulet of guardian spirit
Stlth  ..........               E - ring of see invisible
                                m - ring of poison resistance

@: not resistant to hostile enchantments, extremely unstealthy
A: no striking features
a: Channel Energy, Renounce Religion


You were on level 5 of the Dungeon.
You worshipped Sif Muna.
Sif Muna was aware of your devotion.
You were not hungry.

You visited 1 branch of the dungeon, and saw 5 of its levels.

You collected 203 gold pieces.

Inventory:

Hand Weapons
 a - a +0 war axe (weapon)
 e - a +2 rapier of speed
 l - a +0 spear
 u - a +0 halberd
 v - a +2 long sword of holy wrath
 C - a +0 trident
Missiles
 d - 7 poisoned bolts
 h - 53 poisoned needles
 q - 29 arrows
 w - 22 bolts
Armour
 b - a +0 scale mail (worn)
 c - a +0 shield (worn)
 i - a +1 helmet
Jewellery
 f - an amulet of guardian spirit (around neck)
 m - a ring of poison resistance (left hand)
 E - a ring of see invisible (right hand)
Wands
 y - a wand of polymorph (6)
Scrolls
 j - a scroll of noise
 s - 2 scrolls of amnesia
 x - a scroll of fear
 D - a scroll of identify
Potions
 k - a potion of might
 n - a potion of poison
 p - a potion of brilliance
Comestibles
 o - 6 fruits
 t - a slice of pizza
 z - a bread ration
 A - a beef jerky


   Skills:
 - Level 3.7 Fighting
 + Level 11.0 Axes
 + Level 1.7 Throwing
 - Level 3.6 Armour
 - Level 0.1 Dodging
 - Level 3.7 Shields


You had 7 spell levels left.
You didn't know any spells.

Dungeon Overview and Level Annotations

Branches:
Dungeon (5/15)
 Temple: D:4-7

Altars:
Cheibriados
Dithmenos
Elyvilon
Fedhas
Gozag
Nemelex Xobeh
Qazlal
Sif Muna


Message History

The orc warrior completely misses you.
You closely miss the orc warrior.
The orc warrior is almost dead.
You block the orc warrior's attack.
Found 26 stones and 11 gold pieces.
You see here 26 stones.
Throwing (i - inventory):
g - a javelin (quivered)
Press: ? - help, Shift-Dir - straight line, f/p - orc warrior
Aim: an orc warrior, wielding a war axe and wearing a chain mail (almost dead)
You throw a javelin.
The javelin barely misses the orc warrior.
You hit the orc warrior.
The orc warrior is almost dead.
The orc warrior hits you with a war axe!
* * * LOW HITPOINT WARNING * * *
You are too injured to fight recklessly!
An ogre comes into view. It is wielding a giant spiked club.
The ogre shouts!
The ogre hits you with a giant spiked club!!
You die...

### ....####### #
..........############
#
...##Oo#............###
##@.Y..............
#...............(#.
#.##############... #..
#.... #.# ###.##. #.
#...#.. #. #Y###.. #.
#(###.. ##.#....


You could see an orc warrior, an ice beast and an ogre.

Vanquished Creatures
  A sky beast (D:5)
  2 ogres
  An ice beast (D:5)
  2 hounds
  A jelly (D:5)
  2 iguanas
  An orc priest (D:4)
  2 orc wizards
  A hound skeleton (D:5)
  Robin (D:4)
  9 gnolls
  A worker ant zombie (D:5)
  6 adders
  A shadow imp (D:5)
  2 oozes
  A worm (D:3)
  2 adder skeletons (D:4)
  8 giant geckos
  14 orcs
  7 bats
  16 hobgoblins
  15 jackals
  2 quokkas (D:3)
  2 ball pythons
  3 giant cockroaches
  A giant gecko zombie (D:5)
  3 giant newts
  9 goblins
  7 kobolds
  9 rats
132 creatures vanquished.

Notes
Turn   | Place    | Note
--------------------------------------------------------------
     0 | D:1      | trice1212 the Hill Orc Fighter began the quest for the Orb.
     0 | D:1      | Reached XP level 1. HP: 19/19 MP: 1/1
    29 | D:1      | Reached XP level 2. HP: 20/27 MP: 2/2
   966 | D:2      | Reached XP level 3. HP: 33/33 MP: 3/3
  1968 | D:2      | Reached skill level 4 in Axes
  1991 | D:2      | Reached XP level 4. HP: 36/40 MP: 4/4
  1993 | D:2      | Found a faded altar to an unknown god.
  2009 | D:2      | Became a worshipper of Sif Muna the Loreminder
  2009 | D:2      | Reached * piety under Sif Muna
  2143 | D:2      | Reached skill level 5 in Axes
  2623 | D:3      | Found a snail-covered altar of Cheibriados.
  2638 | D:3      | Reached XP level 5. HP: 34/46 MP: 3/5
  2645 | D:3      | Reached skill level 6 in Axes
  3051 | D:3      | Noticed an ogre
  3059 | D:3      | Killed an ogre
  3059 | D:3      | Reached skill level 7 in Axes
  3059 | D:3      | Reached XP level 6. HP: 29/52 MP: 6/6
  3143 | D:3      | Found a white marble altar of Elyvilon.
  3145 | D:3      | Found a shadowy altar of Dithmenos.
  3681 | D:3      | Reached skill level 8 in Axes
  3752 | D:4      | Noticed Robin
  3795 | D:4      | Killed Robin
  4309 | D:4      | Reached skill level 9 in Axes
  4309 | D:4      | Reached XP level 7. HP: 27/58 MP: 5/7
  4644 | D:4      | Found a stormy altar of Qazlal.
  4647 | D:4      | Found a blossoming altar of Fedhas.
  4695 | D:4      | Found an opulent altar of Gozag.
  4695 | D:4      | Found a sparkling altar of Nemelex Xobeh.
  4987 | D:5      | Entered Level 5 of the Dungeon
  5024 | D:5      | Reached skill level 10 in Axes
  5024 | D:5      | Reached skill level 1 in Throwing
  5403 | D:5      | Reached skill level 11 in Axes
  5403 | D:5      | Reached XP level 8. HP: 48/66 MP: 6/8
  5506 | D:5      | Mangled by an ogre

Action                   |  1- 3 |  4- 6 |  7- 9 || total
-------------------------+-------+-------+-------++-------
Melee: War axe           |    52 |   200 |   125 ||   377
       Long sword        |       |    34 |       ||    34
Throw: Javelin           |    11 |    25 |    11 ||    47
Evoke: Wand              |       |     2 |       ||     2
  Use: Potion            |     6 |     3 |     5 ||    14
       Scroll            |     3 |     9 |     1 ||    13
 Stab: Invisible         |       |       |     3 ||     3
  Eat: Bread ration      |     1 |     1 |       ||     2
       Pizza             |       |     1 |       ||     1
       Meat ration       |       |       |     1 ||     1
       Fruit             |       |       |     1 ||     1
